Match 40865183
Unlisted

Match 40865183
End
Kradschützen Motorcycle Team
Selects Armored Support Battlegroup
Panzergrenadier Squad
Panzergrenadier Squad
Panzergrenadier Squad
Construct Light Support Kompanie
Fire Support Elements
2.5-tonne Medical Truck
le.IG 18 Mechanized Group
Veteran Squad Leaders
Pak 38 Anti-tank Gun Team
Construct Panzerarmee Kommand
Panzer III L Medium Tank
Vehicle Survival Package
2.5-tonne Medical Truck
Emergency Repair Kits
Selects Veteran Gunners
Selects Salvage Kits
Panzer III L Medium Tank
Selects Panzer Storm
Walking Stuka Rocket Launcher
Selects Stuka Anti-tank Loiter
Stuka Anti-tank Loiter
Rapid Advance
Panzer III L Medium Tank
Selects Flammpanzer III Medium Tank
Tungsten Core Ammunition
Panzerpioneer Squad
Panzer III L Medium Tank
Selects Command Panzer IV F Medium Tank
Panzerpioneer Squad
Advanced Optics
Stuka Anti-tank Loiter
Command Panzer IV F Medium Tank
Panzer Storm
Panzer III L Medium Tank
thanataur
drinu019
likewind3
Broly19HS
ooshyyyyyTTV
NooB LaGGeR
0
0

Comments sign in to comment!

No comments posted yet!